 Dungeon Crawl Stone Soup version 0.25-a0-822-g6581751 (webtiles) character file.

Game seed: 1626525778269623665, levelgen mode: deterministic

46 Atlas the Magician (level 3, 0/24 HPs)
             Began as a Mummy Ice Elementalist on Apr 20, 2020.
             Slain by a hound (5 damage)
             ... on level 2 of the Dungeon.
             The game lasted 00:01:53 (1543 turns).

Atlas the Magician (Mummy Ice Elementalist)         Turns: 1543, Time: 00:01:54

Health: 0/24       AC:  4    Str: 11    XL:     3   Next: 44%
Magic:  0/8        EV: 12    Int: 15    God:
Gold:   48         SH:  0    Dex: 12    Spells: 2/9 levels left

rFire    x . .     SeeInvis .   (no weapon)
rCold    + . .     Gourm    .   (no shield)
rNeg     + + +     Faith    .   a - +0 robe
rPois    ∞         Spirit   .   (no helmet)
rElec    .         Reflect  .   (no cloak)
rCorr    .         Harm     .   (no gloves)
MR       .....                  c - +1 pair of boots
Stlth    +++.......             (no amulet)
HPRegen  0.08/turn              f - ring of stealth
MPRegen  0.11/turn              (no ring)

@: very slightly contaminated
A: no food or potions, fire vulnerability, cold resistance 1, negative energy
resistance 3, torment resistance, unbreathing
a: no special abilities


You were on level 2 of the Dungeon.
You were not hungry.

You visited 1 branch of the dungeon, and saw 2 of its levels.

You collected 48 gold pieces.

Inventory:

Armour
 a - a +0 robe (worn)
 c - a +1 pair of boots (worn)
Jewellery
 f - a ring of stealth (left hand)
Scrolls
 b - a scroll of identify {unknown}
 d - a scroll of teleportation {unknown}
 g - a scroll of fog {unknown}
 h - a scroll of fear {unknown}


   Skills:
 + Level 1.6 Dodging
 + Level 1.6 Stealth
 + Level 3.9 Spellcasting
 + Level 3.8 Ice Magic


You had 2 spell levels left.
You knew the following spells:

 Your Spells              Type           Power        Failure   Level  Hunger
a - Freeze                Ice            ##..         3%          1    N/A
b - Frozen Ramparts       Ice            ##....       12%         3    N/A
c - Ozocubu's Armour      Chrm/Ice       #.......     26%         3    N/A

Your spell library contained the following spells:

 Spells                   Type           Power        Failure   Level  Hunger
 Hailstorm                Conj/Ice       #.......     63%         4    N/A
 Summon Ice Beast         Ice/Summ       #.......     63%         4    N/A

Dungeon Overview and Level Annotations

Branches:
Dungeon (2/15)

Altars:
Makhleb


Innate Abilities, Weirdness & Mutations

You do not eat or drink.
Your flesh is vulnerable to fire.
You are immune to poison.
Your flesh is cold resistant. (rC+)
You are immune to negative energy. (rN+++)
You are immune to unholy pain and torment.
You can survive without breathing.


Message History

The hound closely misses you. The hound closely misses you.
The hound bites you but does no damage. The hound bites you.
* * * LOW HITPOINT WARNING * * *
The hound bites you but does no damage.
Casting: Freeze (safe; 3% risk of failure)
Confirm with . or Enter, or press ? or * to list all spells.
Aiming: Freeze (safe; 3% risk of failure)
Press: ? - help, Shift-Dir - straight line, f/p - hound
Aim: a hound (severely wounded)
You freeze the hound.
The hound is almost dead.
The hound closely misses you.
As you read the scroll labeled ALOSCH SANUXUGA, it crumbles to dust.
It is a scroll of amnesia.
Really abort (and waste the scroll)?
Okay, then.
The hound bites you.
You die...

## ###.# .##. #.. #∩#
##...#####.##.######### #.. ._.
#.....................# #.. ..†
##.....!..# #....####.###.. #..
#.........#####..........)..
#h###..##........##......(......
#..#..###.....##.##.............
##...###......##h##........###..
##.## ######..@....>...#### #(.
### #######.##### #.# #.# #..
#.# #.. ..# #.. ### #.. ###


You could see a hound.

Vanquished Creatures
  An adder (D:2)
  A ball python (D:2)
  4 bats (D:1)
  A giant cockroach (D:1)
  3 goblins (D:1)
  3 hobgoblins (D:1)
  6 jackals (D:1)
  4 kobolds
  4 frilled lizards (D:1)
  9 rats
36 creatures vanquished.

Notes
Turn   | Place    | Note
-------+----------+-------------------------------------------
     0 | D:1      | Atlas the Mummy Ice Elementalist began the quest for the
                  | Orb.
     0 | D:1      | Reached XP level 1. HP: 13/13 MP: 4/4
   394 | D:1      | Reached XP level 2. HP: 19/19 MP: 1/6
   872 | D:1      | Reached XP level 3. HP: 19/24 MP: 1/7
   928 | D:1      | Learned a level 3 spell: Frozen Ramparts
   932 | D:1      | Learned a level 3 spell: Ozocubu's Armour
  1510 | D:2      | Found a burning altar of Makhleb.
  1543 | D:2      | Slain by a hound

Levels and vault maps discovered:
D:1:      wheals_arrival_linesprint, layout_loops_cross
D:2:      layout_loops_cross, makhleb_blood_cavern_becter

Skill      XL: |  1 |
---------------+----+-----
Spellcasting   | 3 |  3.9
Dodging        | |  1.6
Stealth        | |  1.6
Ice Magic      | |  3.8

Action                   || total
-------------------------++-------
Melee: Unarmed           ||    34
 Cast: Freeze            ||    49
       Frozen Ramparts   ||     1
  Use: Scroll            ||     1
Armor: Robe              ||    30
Dodge: Dodged            ||    52

Table legend:
 A = Non-vault XP
 B = Vault XP
 C = Vault XP percentage of total XP
 D = Non-vault monster count
 E = Vault monster count
 F = Vault count percentage of total count
                 A         B        C        D         E       F
            +---------+---------+-------+---------+---------+-------
      Total |      66 |       0 |   0.0 |      36 |       0 |   0.0
            +---------+---------+-------+---------+---------+-------
        D:1 |      47 |       0 |   0.0 |      31 |       0 |   0.0
        D:2 |      19 |       0 |   0.0 |       5 |       0 |   0.0
            +---------+---------+-------+---------+---------+-------
